 Dungeon Crawl Stone Soup version 0.31-a0-1603-gbec6b6ccbf (webtiles) character file.

Game seed: 10277967357300652815

27226 grandjackal the Hand of Shadow (level 13, -5/154 HPs)
             Began as a Vampire Enchanter on Jan 7, 2024.
             Was a High Priest of Dithmenos.
             Slain by a frost giant
             ... wielding a +0 battleaxe of freezing
              (8 damage)
             ... in an ice cave on Jan 8, 2024.
             The game lasted 00:29:23 (14568 turns).

grandjackal the Hand of Shadow (Vampire Enchanter) Turns: 14568, Time: 00:29:24

Health: -5/154     AC: 21    Str:  7    XL:     13   Next: 3%
Magic:  20/20      EV: 14    Int: 18    God:    Dithmenos [*****.]
Gold:   134        SH:  0    Dex: 19    Spells: 8/16 levels left

rFire   . . .        g - +2 short sword (elec)
rCold   . . .        (no shield)
rNeg    . . .        L - +5 ring mail of Disguise {rPois}
rPois   +            Q - +0 helmet
rElec   .            F - +0 cloak
rCorr   .            (no gloves)
SInv    +            O - +0 pair of boots
Will    +....        K - amulet of magic regeneration Stlth
                     h - +4 ring of protection
HPRegen 0.65/turn    j - +4 ring of protection
MPRegen 0.57/turn

%: no passive effects
@: berserking, healing quickly, wreathed by umbra, very quick
A: alive, fangs 3, see invisible, vampiric 2
a: Exsanguinate, Renounce Religion, Shadow Step, Shadow Form


You were in an ice cave.
You worshipped Dithmenos.
Dithmenos was extremely pleased with you.
You visited 2 branches of the dungeon, and saw 13 of its levels.
You also visited: Ice Cave.

You collected 777 gold pieces.
You spent 643 gold pieces at shops.

Inventory:

Hand Weapons
 a - a +1 dagger
 g - a +2 short sword of electrocution (weapon)
 q - a +2 short sword of venom
 y - a +2 dagger of electrocution
 J - the +6 falchion "Jeuscheo" {flame, rC+ Dex+5}
   (You found it on level 9 of the Dungeon)

   Dex+5:     It affects your dexterity (+5).
   rC+:       It protects you from cold.
Missiles
 d - a throwing net
 I - a curare-tipped dart
Armour
 i - a +1 ring mail of positive energy
 F - a +0 cloak (worn)
 L - the +5 ring mail of Disguise (worn) {rPois}
   (You bought it in a shop on level 11 of the Dungeon)

   rPois:     It protects you from poison
 O - a +0 pair of boots (worn)
 Q - a +0 helmet (worn)
Jewellery
 h - a +4 ring of protection (left hand)
 j - a +4 ring of protection (right hand)
 E - a ring of fire
 K - an amulet of magic regeneration (around neck)
Wands
 e - a wand of roots (15)
 B - a wand of charming (29)
 H - a wand of flame (50)
Scrolls
 b - a scroll of amnesia {unknown}
 m - 2 scrolls of enchant armour {unknown}
 n - 2 scrolls of enchant weapon {unknown}
 o - 2 scrolls of poison {unknown}
 r - 4 scrolls of vulnerability {unknown}
 s - 2 scrolls of immolation
 z - 4 scrolls of fog {unknown}
 D - a scroll of fear {unknown}
 G - 4 scrolls of teleportation {unknown}
 M - a scroll of blinking
 P - a scroll of revelation
Potions
 c - a potion of invisibility
 f - 2 potions of brilliance
 k - a potion of lignification
 l - 2 potions of haste
 p - 2 potions of attraction
 u - a potion of might
 v - 9 potions of mutation
 x - 7 potions of curing
 A - 2 potions of resistance
 C - a potion of enlightenment
 N - a potion of heal wounds


   Skills:
 - Level 10.0 Fighting
 - Level 10.2 Short Blades
 + Level 10.2 Dodging
 - Level 10.0 Stealth
 - Level 2.0 Spellcasting
 - Level 10.0 Hexes
 + Level 4.0 Ice Magic
 + Level 10.4 Invocations


You had 8 spell levels left.
You knew the following spells:

 Your Spells              Type           Power      Damage    Failure   Level
a - Ensorcelled Hibernat  Hex/Ice        54%        N/A       5%          2
b - Confusing Touch       Hex            38%        N/A       3%          3
c - Tukima's Dance        Hex            38%        N/A       3%          3

Your spell library contained the following spells:

 Spells                   Type           Power      Damage    Failure   Level
 Dazzling Flash           Conj/Hex       38%        N/A       24%         3
 Foxfire                  Conj/Fire      4%         2x1d4     54%         1
 Shock                    Conj/Air       4%         1d3       54%         1
 Anguish                  Hex/Necr       9%         N/A       63%         4
 Cigotuvi's Dreadful Rot  Necr/Alch/Air  2%         N/A       67%         2
 Sublimation of Blood     Necr           1%         N/A       67%         2
 Fugue of the Fallen      Necr           1%         N/A       88%         3
 Swiftness                Air            1%         N/A       88%         3
 Yara's Violent Unravell  Hex/Alch       9%         3d6       92%         5
 Airstrike                Air            0%         2d(1-17)  99%         4
 Passage of Golubria      Tloc           1%         N/A       99%         4
 Petrify                  Alch/Erth      1%         N/A       99%         4
 Irradiate                Conj/Alch      0%         3d11      100%        5
 Plasma Beam              Fire/Air       0%         2x1d10    100%        6
 Starburst                Conj/Fire      0%         6d3       100%        6


Dungeon Overview and Level Annotations

Branches:
Dungeon (12/15)            Temple (0/1) D:6            Lair (1/5) D:10
    Orc (0/2) D:11          IceCv (1/1)

Altars:
Dithmenos
Gozag
Kikubaaqudgha
Nemelex Xobeh
Okawaru
Sif Muna
Uskayaw
Yredelemnul

Shops:
D:11 [(

Portals:
Abyss: D:3

Annotations:
D:3 2 transporters, 1 runed translucent door, Azoth's ghost, weakling DsSh
D:4 2 transporters, Biggs's ghost, amateur DjCj
D:9 1 runed translucent door, LeprechaunX's ghost, journeyman OpSh
D:12 1 runed translucent door, jasper's ghost, journeyman GrBe
Lair:1 2 runed translucent doors, Laraso's ghost, journeyman DrBe IceCv exclusion: ice statue


Innate Abilities, Weirdness & Mutations

Your natural rate of healing is accelerated.
You have razor-sharp teeth.
You have supernaturally acute eyesight. (SInv)
You are afflicted with vampirism and can become a bat while bloodless.


Message History

A red film seems to cover your vision as you go berserk!
You feel yourself moving faster!
You feel mighty!
The frost giant gestures at you while chanting.
The bolt of cold hits you!!!
You barely miss the frost giant. You puncture the frost giant!
The frost giant is lightly wounded.
The frost giant points at you and mumbles some strange words.
The bolt of cold hits you!!
You hit the frost giant.
The frost giant is lightly wounded.
You barely miss the frost giant. You bite the frost giant!
The frost giant is moderately wounded.
Your shadow hits the frost giant with a short sword.
You hit the frost giant.
The frost giant is moderately wounded.
The frost giant points at you and mumbles some strange words.
The bolt of cold hits you!!
* * * LOW HITPOINT WARNING * * *
You hit the frost giant but do no damage.
You bite the frost giant!
The frost giant is moderately wounded.
You hit the frost giant.
The frost giant is heavily wounded.
You hit the frost giant. Your bite misses the frost giant.
The frost giant is heavily wounded.
The frost giant points at you and mumbles some strange words.
The bolt of cold misses you.
You hit the frost giant.
The frost giant is heavily wounded.
Your shadow hits the frost giant with a short sword.
You puncture the frost giant! You bite the frost giant.
The frost giant is severely wounded.
Your shadow hits the frost giant but does no damage.
You hit the frost giant.
The frost giant is severely wounded.
The frost giant hits you with a +0 battleaxe of freezing!!
* * * LOW HITPOINT WARNING * * *
The frost giant freezes you!
You die... ##......# #.#.#[#.# ##.#####.# #.## ##.# ##.####..# ##.##..## ##.##.## .... #.##..# ..h. ##@##.## .Ch.Y

#C###..## ...Y.
##Y.##...## Y...
#..#..#...#
#.h###.#.#.#...#
#..#..######..#
#...##≈##≈#..#
##.##≈≈#≈≈##.#
###≈≈≈≈≈≈##÷#


You could see a frost giant and a death yak.

Vanquished Creatures
  Snorg (D:12)
  Josephine (D:11)
  A boulder beetle (D:11)
  3 two-headed ogres
  7 death yaks (IceCv)
  An orc knight (D:11)
  Maurice (D:7)
  2 cane toads (Lair:1)
  2 rime drakes (Lair:1)
  3 unseen horrors
  3 trolls
  5 polar bears
  3 slime creatures (D:12)
  A vampire (D:12)
  40 yaks
  4 wyverns
  4 wraiths
  5 steam dragons
  Menkaure (D:4)
  6 vampire mosquitoes (D:12)
  4 water moccasins
  Duvessa (D:7)
  6 orc warriors
  3 sky beasts
  4 ice beasts
  2 black bears
  11 wolves (IceCv)
  6 centaurs
  5 bullfrogs
  5 kobold brigands
  5 scorpions
  2 gnoll sergeants
  Dowan (D:7)
  3 wights (D:7)
  8 killer bees
  An electric eel (D:8)
  5 howler monkeys
  A bombardier beetle (D:7)
  A human zombie (D:3)
  2 jellies
  3 hounds
  2 gnoll boudas
  4 orc priests
  3 iguanas
  13 orc wizards
  7 adders
  16 gnolls
  A white imp (D:6)
  2 ufetubi (D:6)
  5 dart slugs
  5 ribbon worms
  27 orcs
  9 endoplasms
  2 giant cockroaches (D:4)
  2 hobgoblins
  3 jackals (D:3)
  19 kobolds
  2 quokkas
  9 ball pythons
  6 bats
  4 frilled lizards
  3 goblins (D:4)
  A jackal zombie (D:3)
  A kobold skeleton (D:3)
  7 rats
326 creatures vanquished.

Vanquished Creatures (others)
  A polar bear (IceCv)
  A yak (IceCv)
  A wolf (IceCv)
  An orc wizard (D:12)
4 creatures vanquished.

Grand Total: 330 creatures vanquished

Notes
Turn   | Place    | Note
-------+----------+-------------------------------------------
     0 | D:1      | grandjackal the Vampire Enchanter began the quest for the
                  | Orb.
     0 | D:1      | Reached XP level 1. HP: 13/13 MP: 3/3
     2 | D:1      | Noticed an octopode
     2 | D:1      | Noticed a vampire
     4 | D:1      | Noticed a human
     4 | D:1      | Noticed a vine stalker
     6 | D:1      | Noticed a minotaur
     6 | D:1      | Noticed a formicid
     8 | D:1      | Noticed a felid
     8 | D:1      | Noticed a merfolk
    10 | D:1      | Noticed a demigod
    10 | D:1      | Noticed a ghoul
    12 | D:1      | Noticed a demonspawn
    12 | D:1      | Noticed a djinni
    14 | D:1      | Noticed an elf
    14 | D:1      | Noticed a spriggan
    16 | D:1      | Noticed a tengu
    18 | D:1      | Noticed a draconian
    18 | D:1      | Noticed a naga
    20 | D:1      | Noticed an armataur
    22 | D:1      | Noticed a gargoyle
    22 | D:1      | Noticed a barachi
    24 | D:1      | Noticed an oni
    26 | D:1      | Noticed a troll
   296 | D:1      | Reached XP level 2. HP: 19/19 MP: 5/5
   402 | D:1      | Reached skill level 5 in Stealth
   710 | D:2      | Reached skill level 5 in Hexes
   777 | D:2      | Learned a level 2 spell: Ensorcelled Hibernation
   835 | D:2      | Gained mutation: You are afflicted with vampirism and can
                  | become a bat while bloodless. [Vampire growth]
   835 | D:2      | Reached XP level 3. HP: 19/25 MP: 6/6
  1088 | D:2      | Reached skill level 1 in Fighting
  1218 | D:2      | Found a faded altar of an unknown god.
  1346 | D:2      | You fall into a shaft and drop 1 floor!
  1398 | D:3      | Found a one-way gate to the infinite horrors of the Abyss.
  1398 | D:3      | Noticed Azoth's ghost (weakling DsSh)
  1399 | D:3      | Noticed a kobold brigand
  1460 | D:3      | Reached XP level 4. HP: 32/32 MP: 7/7
  1811 | D:3      | Found a transporter.
  1844 | D:3      | Found a runed translucent door.
  1845 | D:3      | Noticed a human
  2059 | D:3      | Found a basalt altar of Yredelemnul.
  2138 | D:3      | Found a transporter.
  2180 | D:3      | Reached XP level 5. HP: 38/38 MP: 8/8
  2240 | D:3      | Found a shadowy altar of Dithmenos.
  2253 | D:3      | Became a worshipper of Dithmenos the Shadowed
  2590 | D:4      | Found a sparkling altar of Nemelex Xobeh.
  2625 | D:4      | Reached XP level 6. HP: 36/46 MP: 9/9
  2679 | D:4      | Found a transporter.
  2714 | D:4      | Got the Catalogue of Austromancy
  2722 | D:4      | Found a hide-covered altar of Uskayaw.
  2915 | D:4      | Noticed Menkaure
  2924 | D:4      | Killed Menkaure
  3071 | D:4      | Noticed Biggs's ghost (amateur DjCj)
  3072 | D:4      | Found a transporter.
  3072 | D:4      | Identified the +8 great mace of Bodily Humours {flame,
                  | rElec Int+3}
  3111 | D:4      | Learned a level 3 spell: Confusing Touch
  3151 | D:5      | Entered Level 5 of the Dungeon
  3163 | D:5      | Reached XP level 7. HP: 48/52 MP: 10/10
  3291 | D:5      | Reached * piety under Dithmenos
  3322 | D:5      | Reached skill level 5 in Short Blades
  3614 | D:6      | Found a staircase to the Ecumenical Temple.
  3614 | D:6      | Identified the +3 sling of Terror {drain, rN++ Str+3 Dex+5}
  3747 | D:6      | Found an opulent altar of Gozag.
  3847 | D:6      | Noticed a steam dragon
  3979 | D:6      | Reached XP level 8. HP: 20/61 MP: 8/11
  4789 | D:6      | Learned a level 3 spell: Tukima's Dance
  4891 | D:7      | Reached skill level 5 in Fighting
  5059 | D:6      | Reached skill level 10 in Hexes
  5291 | D:7      | Noticed Duvessa
  5304 | D:7      | Killed Duvessa
  5305 | D:7      | Reached skill level 1 in Invocations
  5319 | D:7      | Noticed Dowan
  5354 | D:7      | Killed Dowan
  5397 | D:7      | Reached XP level 9. HP: 68/69 MP: 6/12
  5472 | D:7      | Noticed Maurice
  5476 | D:7      | Maurice stole a ring of fire
  5496 | D:7      | Killed Maurice
  5642 | D:7      | Reached ** piety under Dithmenos
  6137 | D:8      | HP: 3/72 [poisoned by a killer bee]
  6954 | D:8      | Reached XP level 10. HP: 66/79 MP: 6/13
  7240 | D:8      | Found a shimmering blue altar of Sif Muna.
  7567 | D:8      | Reached skill level 5 in Invocations
  8081 | D:9      | Found an ancient bone altar of Kikubaaqudgha.
  8146 | D:9      | Reached *** piety under Dithmenos
  8520 | D:9      | Identified the +6 falchion "Jeuscheo" {flame, rC+ Dex+5}
  8555 | D:9      | Noticed a two-headed ogre
  8576 | D:9      | Killed a two-headed ogre
  8577 | D:9      | Reached skill level 10 in Short Blades
  8882 | D:9      | Found a runed translucent door.
  8900 | D:9      | Noticed LeprechaunX's ghost (journeyman OpSh)
  8996 | D:10     | Entered Level 10 of the Dungeon
  9383 | D:10     | Reached XP level 11. HP: 86/89 MP: 16/16
  9934 | D:10     | Found a staircase to the Lair.
  9943 | D:10     | Reached **** piety under Dithmenos
 10333 | D:11     | Found an iron altar of Okawaru.
 10439 | D:11     | Reached skill level 5 in Dodging
 10518 | D:11     | Found a staircase to the Orcish Mines.
 10519 | D:11     | Found Ylamumom's Weapon Shop.
 10521 | D:11     | Noticed a boulder beetle
 10526 | D:11     | Noticed an orc knight
 10527 | D:11     | Killed a boulder beetle
 10618 | D:11     | Killed an orc knight
 10901 | D:11     | Noticed a two-headed ogre
 10910 | D:11     | Killed a two-headed ogre
 10945 | D:11     | Found Funigaek's Armour Shop.
 10988 | D:11     | Bought the +5 ring mail of Disguise {rPois} for 643 gold
                  | pieces
 11026 | D:11     | Noticed Josephine
 11062 | D:11     | Killed Josephine
 11063 | D:11     | Reached skill level 10 in Fighting
 11749 | D:12     | Noticed Snorg
 11812 | D:12     | Killed Snorg
 11834 | D:12     | Reached XP level 12. HP: 57/97 MP: 18/18
 11937 | D:12     | Noticed jasper's ghost (journeyman GrBe)
 11941 | D:12     | Found a runed translucent door.
 12599 | D:12     | Noticed a two-headed ogre
 12618 | D:12     | Killed a two-headed ogre
 12627 | D:12     | Reached ***** piety under Dithmenos
 12797 | Lair:1   | Entered Level 1 of the Lair of Beasts
 12974 | Lair:1   | Found a large runed translucent door.
 12974 | Lair:1   | Found a large runed translucent door.
 12978 | Lair:1   | Noticed Laraso's ghost (journeyman DrBe)
 13017 | Lair:1   | Found a frozen archway.
 13056 | IceCv    | Entered an ice cave
 13516 | IceCv    | Reached skill level 10 in Stealth
 13674 | IceCv    | Reached skill level 1 in Ice Magic
 13783 | IceCv    | Noticed a death yak
 14104 | IceCv    | Noticed a death yak
 14117 | IceCv    | Noticed a death yak
 14143 | IceCv    | Killed a death yak
 14170 | IceCv    | Killed a death yak
 14171 | IceCv    | Reached skill level 10 in Invocations
 14220 | IceCv    | Killed a death yak
 14396 | IceCv    | Noticed a death yak
 14407 | IceCv    | Killed a death yak
 14426 | IceCv    | Noticed a death yak
 14426 | IceCv    | Noticed a frost giant
 14426 | IceCv    | Noticed a death yak
 14426 | IceCv    | Noticed a death yak
 14465 | IceCv    | Reached skill level 10 in Dodging
 14467 | IceCv    | Noticed a death yak
 14539 | IceCv    | Killed a death yak
 14544 | IceCv    | Killed a death yak
 14545 | IceCv    | Reached XP level 13. HP: 78/103 MP: 20/20
 14568 | IceCv    | HP: 3/154 [frost giant/+0 battleaxe of freezing (26)]
 14568 | IceCv    | Slain by a frost giant

Illustrated notes

Levels and vault maps discovered:
D:1:      kb_arrival_jail, layout_loops_ring
D:2:      layout_loops_corners, serial_glass, glass_columns_a, glass_columns_c,
          glass_columns_c, hellmonk_ecumenical_altar_zigzags,
          serial_bayou_pond_e
D:3:      layout_loops_cross, nicolae_dithmenos_through_a_glass_darkly,
          dk_yredelemnul_ordeal, gammafunk_ghost_abyssal_escape, minivault_14
D:4:      layout_gridville, mainiacjoe_overflow_catwalk,
          nemelex_spade_bored_becter, gammafunk_ghost_smash, uniq_menkaure
D:5:      layout_cave_pools
D:6:      layout_loops_corners, mainiacjoe_overflow_small_starburst,
          minmay_temple_entry_mini_moons, serial_co_window_serial,
          co_window_paths_b, co_window_paths_a, co_window_paths_a,
          co_window_corner_a, co_window_corner_a, co_window_broadway_b,
          co_window_paths_c, co_window_corner_b, co_window_broadway_a,
          co_window_2corner, co_window_unsneaky_path_d, glass_columns_a,
          glass_columns_b, hangedman_decor_riveting
D:7:      cheibrodos_steamvent, layout_basic, uniq_maurice, uniq_duvessa
D:8:      layout_loops_ring, kennysheep_orc_sif_temple, kennysheep_dice
D:9:      layout_loops_corners, kiku_gazebo_garden_becter,
          ebering_ghost_inner_flame
D:10:     layout_basic, due_lair_maze_entry_diamond
D:11:     layout_basic, orc_david_3, serial_glass, glass_columns_a,
          glass_columns_a, glass_columns_a, glass_columns_c, glass_columns_b,
          glass_columns_b, okawaru_gym_becter, uniq_josephine
D:12:     layout_basic, hellmonk_ghost_happy_afterlife, uniq_snorg
Lair:1:   layout_gridlike, ebering_ghost_disaster_area,
          portal_ice_cave_entry_pillars_2, basic_altar
IceCv:    ice_cave_caverns_02

Skill      XL: |  1  2  3  4  5  6  7  8  9 10 11 12 13 |
---------------+----------------------------------------+-----
Stealth        | 5 7 10 | 10.0
Hexes          | 5 6 7 8 10 | 10.0
Short Blades   | 2 3 4 5 7 9 10 | 10.2
Fighting       | 1 2 3 4 6 7 9 10 | 10.0
Invocations    | 1 4 6 8 10 | 10.4
Dodging        | 3 7 10 | 10.2
Ice Magic      | 3 4 |  4.0
Spellcasting   | |  2.0

Action                     |  1- 3 |  4- 6 |  7- 9 | 10-12 | 13-15 || total
---------------------------+-------+-------+-------+-------+-------++-------
  Melee: Short sword       |    76 |   126 |   358 |  1189 |    22 ||  1771
         Dagger            |     7 |       |       |     2 |       ||     9
         Bite              |     8 |    16 |    49 |   189 |     5 ||   267
         Punch             |       |     1 |     7 |    23 |       ||    31
   Cast: Confusing Touch   |       |       |     8 |    33 |       ||    41
         Ensorcelled Hiber |       |       |    26 |    16 |       ||    42
         Tukima's Dance    |       |       |       |     4 |       ||     4
  Evoke: Wand              |       |       |       |     1 |       ||     1
    Use: Scroll            |       |       |    10 |     5 |       ||    15
         Potion            |       |       |     2 |     3 |     1 ||     6
   Stab: Sleeping          |     9 |     7 |    16 |    21 |       ||    53
         Distracted        |     2 |       |       |     1 |       ||     3
         Confused          |       |       |     8 |    39 |       ||    47
         Invisible         |       |       |       |    12 |     1 ||    13
 Armour: Robe              |    15 |       |       |       |       ||    15
         Ring mail         |    23 |    66 |   283 |   487 |     4 ||   863
  Dodge: Dodged            |    33 |    33 |   217 |   463 |     5 ||   751

Table legend: (Time is in decaauts)
 A = Elapsed time spent in this place.
 B = Non-inter-level travel time spent in this place.
 C = Inter-level travel time spent in this place.
 D = Time resting spent in this place.
 E = Time spent auto-exploring this place.
 F = Levels seen in this place.
 G = Mean time per level.
                   A        B        C        D        E       F      G
               +--------+--------+--------+--------+--------+-----+--------+
         Total |  13847 |  13371 |    476 |   2489 |   7214 |  14 |  989.1 |
       Dungeon |  12307 |  11831 |    476 |   1853 |   7156 |  12 | 1025.6 |
          Lair |    240 |    240 |      0 |     56 |      0 |   1 |  240.0 |
      Ice Cave |   1299 |   1299 |      0 |    580 |     58 |   1 | 1299.0 |
               +--------+--------+--------+--------+--------+-----+--------+

Top non-repeatable levels by time:
     D:7: 1400 daAuts
     D:6: 1384 daAuts
   IceCv: 1299 daAuts
     D:8: 1283 daAuts
    D:11: 1214 daAuts
    D:12: 1211 daAuts
     D:9: 1152 daAuts
    D:10: 1119 daAuts
     D:2: 998 daAuts
     D:3: 781 daAuts
     D:4: 685 daAuts
     D:1: 659 daAuts
     D:5: 414 daAuts
  Lair:1: 240 daAuts
